 Dungeon Sprint DCSS version 0.26-a0-708-g17f3b190f9 (webtiles) character file.

Game seed: 14240234955871247483

905 schets the Photosynthesist (level 7, -20/63 HPs)
             Began as a Demonspawn Monk on Oct 28, 2020.
             Was an Elder of Fedhas.
             Killed from afar by a green death (49 damage)
             ... with a poison arrow
             ... in the Dungeon (Sprint VII: "The Pits").
             The game lasted 00:05:06 (1229 turns).

schets the Photosynthesist (Demonspawn Monk)        Turns: 1229, Time: 00:05:06

Health: -20/63     AC: 22    Str: 17    XL:     7   Next: 80%
Magic:  17/25      EV:  9    Int: 11    God:    Fedhas [****..]
Gold:   0          SH:  0    Dex: 15    Spells: 6/6 levels left

rFire    . . .     SeeInvis .   t - +2 rapier of Gehenna {flame, *Contam rC+ MP+9 Str+3}
rCold    + . .     Faith    .   (no shield)
rNeg     . . .     Spirit   .   m - +2 plate armour
rPois    .         Reflect  .   (no helmet)
rElec    .         Harm     .   (no cloak)
rCorr    .         Rampage  .   u - +0 pair of gloves
MR       .....     NoTele   +   (no boots)
Stlth    ..........             (no amulet)
HPRegen  0.20/turn              (no ring)
MPRegen  0.19/turn              (no ring)

@: lethally poisoned (-20 -> -53), sanguine armour
A: powered by pain 1, rot immunity, sanguine armour 1
a: Wall of Briars, Grow Ballistomycete, Overgrow, Renounce Religion


You were in the Dungeon.
You worshipped Fedhas.
Fedhas was greatly pleased with you.
You visited 1 branch

Inventory:

Hand Weapons
 a - a +0 hand axe
 t - the +2 rapier of Gehenna (weapon) {flame, *Contam rC+ MP+9 Str+3}
   (You found it in the Dungeon)

   It has been specially enchanted to burn those struck by it, causing extra
   injury to most foes and up to half again as much damage against particularly
   susceptible opponents.
   It affects your strength (+3).
   It protects you from cold.
   It affects your magic capacity (+9).
   It causes magical contamination when unequipped.
Armour
 b - a +0 robe
 m - a +2 plate armour (worn)
 u - a +0 pair of gloves (worn)
Jewellery
 n - a +3 ring of dexterity
 o - a +3 ring of protection
Scrolls
 h - a scroll of blinking
 j - 3 scrolls of remove curse
 k - 5 scrolls of amnesia
 l - a scroll of summoning
Potions
 c - 7 potions of curing
 d - 10 potions of heal wounds
 e - a potion of haste
 f - 4 potions of magic
 g - 2 potions of berserk rage
 i - 2 potions of invisibility
 p - 3 potions of brilliance
 q - a potion of might
 r - 3 potions of stabbing
 s - a potion of mutation


   Skills:
 + Level 8.5 Fighting
 + Level 0.0 Short Blades
 - Level 2.6 Axes
 + Level 7.1 Armour
 + Level 7.7 Dodging
 - Level 1.7 Stealth
 * Level 13.1 Invocations


You had 6 spell levels left.
You didn't know any spells.
Your spell library was empty.

Dungeon Overview and Level Annotations

Branches:
Dungeon (1/1)

Altars:
Ashenzari
Cheibriados
Dithmenos
Elyvilon
Fedhas
Gozag
Hepliaklqana
Kikubaaqudgha
Makhleb
Nemelex Xobeh
Okawaru
Qazlal
Ru
Sif Muna
Trog
Uskayaw
Vehumet
Wu Jian
Xom
Yredelemnul
Zin
The Shining One
Beogh
Jiyva
Lugonu


Innate Abilities, Weirdness & Mutations

You sometimes gain a little power by taking damage.
You are immune to rotting.
When seriously injured, your bleeding wounds create armour. (AC +6)


Message History

The nagaraja points at you and mumbles some strange words.
The poison arrow hits you!!
You are poisoned.
Ouch! That really hurt!
You focus on the pain.
You feel your power returning.
Your blood congeals into armour.
A shadow dragon comes into view.
Your oklob plant spits acid at the blizzard demon.
The splash of acid hits the blizzard demon!
The blizzard demon is splashed with acid.
The deep elf blademaster moves out of view.
Unknown command.
Unknown command.
Unknown command.
You feel sick. The green death gestures at you. The poison arrow hits you!!!
You are lethally poisoned!
Ouch! That really hurt!
You die...
Fedhas appreciates your contribution to the ecosystem.

...D...... .......e
NJ...2. ..... .2..
#''# #####''#####
#...P..P...#
#...@P.....#
+..#....#..#
+..........#
#..........#
##########..#....#..#
........''..........#
........''..........#
#####..##..#....#..#
#..##..........+


You could see a deep elf blademaster, a green death, a blizzard demon (corroded)
and 3 friendly oklob plants.

Vanquished Creatures
  A floating eye (D)
  A gnoll (D)
  A river rat (D)
  2 oozes (D)
  An adder skeleton (D)
  3 jackals (D)
  A ball python (D)
  A rat (D)
11 creatures vanquished.

Vanquished Creatures (collateral kills)
  A deep elf mage (D)
  A troll (D)
  A red devil (D)
  A spriggan (D)
  A warg (D)
  An ogre (D)
  A bullfrog (D)
  A gnoll sergeant (D)
  A scorpion (D)
  A crimson imp (D)
  An adder (D)
  2 gnolls (D)
  A white imp (D)
  An ooze (D)
  A worm (D)
  A frilled lizard (D)
  A goblin (D)
  3 ballistomycete spores (D)
21 creatures vanquished.

Grand Total: 32 creatures vanquished

Notes
Turn   | Place    | Note
-------+----------+-------------------------------------------
     0 | D        | schets the Demonspawn Monk began the quest for the Orb.
     0 | D        | Reached XP level 1. HP: 18/18 MP: 1/1
    14 | D        | Reached skill level 1 in Armour
    20 | D        | Found a bloodstained altar of Trog.
    20 | D        | Found a shimmering blue altar of Sif Muna.
    20 | D        | Found a viscous altar of Jiyva.
    20 | D        | Found a hazy altar of Hepliaklqana.
    20 | D        | Found an opulent altar of Gozag.
    21 | D        | Found a glowing golden altar of the Shining One.
    21 | D        | Found a glowing silver altar of Zin.
    21 | D        | Found a basalt altar of Yredelemnul.
    21 | D        | Found a shimmering altar of Xom.
    21 | D        | Found an ornate altar of the Wu Jian Council.
    21 | D        | Found a sacrificial altar of Ru.
    21 | D        | Found a stormy altar of Qazlal.
    21 | D        | Found an iron altar of Okawaru.
    21 | D        | Found a sparkling altar of Nemelex Xobeh.
    21 | D        | Found a burning altar of Makhleb.
    21 | D        | Found a blossoming altar of Fedhas.
    21 | D        | Found a white marble altar of Elyvilon.
    21 | D        | Found a shadowy altar of Dithmenos.
    21 | D        | Found a snail-covered altar of Cheibriados.
    23 | D        | Found a corrupted altar of Lugonu.
    23 | D        | Found a radiant altar of Vehumet.
    23 | D        | Found a roughly hewn altar of Beogh.
    24 | D        | Found a broken altar of Ashenzari.
    24 | D        | Found an ancient bone altar of Kikubaaqudgha.
    24 | D        | Found a hide-covered altar of Uskayaw.
    27 | D        | Became a worshipper of Fedhas Madash
    27 | D        | Reached * piety under Fedhas
    27 | D        | Reached ** piety under Fedhas
   145 | D        | Gained mutation: You are immune to rotting. [demonic
                  | ancestry]
   145 | D        | Reached XP level 2. HP: 17/25 MP: 2/2
   272 | D        | Reached *** piety under Fedhas
   272 | D        | Reached skill level 2 in Invocations
   439 | D        | Noticed a floating eye
   446 | D        | Paralysed by a floating eye for 2 turns
   450 | D        | Paralysed by a floating eye for 4 turns
   458 | D        | Paralysed by a floating eye for 2 turns
   461 | D        | Killed a floating eye
   461 | D        | Reached skill level 5 in Fighting
   461 | D        | Reached skill level 6 in Invocations
   461 | D        | Reached XP level 3. HP: 33/33 MP: 3/7
   461 | D        | Gained mutation: You sometimes gain a little power by
                  | taking damage. [demonic ancestry]
   461 | D        | Reached XP level 4. HP: 39/39 MP: 3/9
   519 | D        | Noticed a gnoll sergeant
   523 | D        | Reached skill level 5 in Dodging
   524 | D        | Reached skill level 7 in Invocations
   525 | D        | Reached **** piety under Fedhas
   525 | D        | Reached XP level 5. HP: 40/44 MP: 2/10
   532 | D        | Reached skill level 8 in Invocations
   602 | D        | Noticed an ogre
   629 | D        | Killed an ogre
   629 | D        | Reached ***** piety under Fedhas
   629 | D        | Reached skill level 5 in Armour
   629 | D        | Reached skill level 9 in Invocations
   629 | D        | Reached XP level 6. HP: 52/53 MP: 4/13
   636 | D        | Reached skill level 10 in Invocations
   862 | D        | Noticed a troll
   865 | D        | Killed a troll
   865 | D        | Reached skill level 11 in Invocations
   868 | D        | Noticed a deep elf mage
   868 | D        | Noticed a red devil
   868 | D        | Noticed a spriggan
   875 | D        | Killed a spriggan
   875 | D        | Gained mutation: When seriously injured, your bleeding
                  | wounds create armour. (AC +6) [demonic ancestry]
   875 | D        | Reached XP level 7. HP: 60/60 MP: 4/15
   884 | D        | Killed a red devil
   884 | D        | Reached skill level 12 in Invocations
   885 | D        | Killed a deep elf mage
   969 | D        | Reached skill level 13 in Invocations
  1019 | D        | Got the +2 rapier of Gehenna {flame, *Contam rC+ MP+9
                  | Str+3}
  1228 | D        | Noticed an acid blob
  1228 | D        | Noticed a green death
  1228 | D        | Noticed a nagaraja
  1228 | D        | Noticed a blizzard demon
  1228 | D        | Noticed a deep elf blademaster
  1228 | D        | Noticed a shadow dragon
  1229 | D        | Killed from afar by a green death

Illustrated notes

Levels and vault maps discovered:
D:        pitsprint [storerooms_1, entrance_room_1, metal_vault_2, armoury_2,
          mini_pit_1, grid_room_1, main_hall_1, silver_pit, the_coven_2,
          the_vestibule_1, steel_vault_4, golden_pit, hallway_of_sentries,
          crystal_vault_1, iron_vault_1, final_vault]

Skill      XL: |  1  2  3  4  5  6  7 |
---------------+----------------------+-----
Armour         | 1 3 4 5 6 7 |  7.1
Dodging        | 3 4 5 6 7 |  7.7
Fighting       | 5 6 7 8 |  8.5
Invocations    | 6 7 9 11 13 | 13.1
Axes           | |  2.6
Stealth        | |  1.7

Action                   |  1- 3 |  4- 6 |  7- 9 || total
-------------------------+-------+-------+-------++-------
Melee: Hand axe          |    29 |    33 |       ||    62
Invok: Wall of Briars    |       |     3 |     1 ||     4
       Grow Ballistomyce |       |     2 |       ||     2
       Grow Oklob        |       |     2 |     4 ||     6
  Use: Potion            |     1 |       |       ||     1
Armor: Plate armour      |       |    29 |     2 ||    31
Dodge: Dodged            |    15 |     8 |       ||    23

Table legend: (Time is in decaauts)
 A = Elapsed time spent in this place.
 B = Non-inter-level travel time spent in this place.
 C = Inter-level travel time spent in this place.
 D = Time resting spent in this place.
 E = Time spent auto-exploring this place.
 F = Levels seen in this place.
 G = Mean time per level.
                   A        B        C        D        E       F      G
               +--------+--------+--------+--------+--------+-----+--------+
         Total |   1262 |   1164 |     98 |    687 |      0 |   1 | 1262.0 |
       Dungeon |   1262 |   1164 |     98 |    687 |      0 |   1 | 1262.0 |
               +--------+--------+--------+--------+--------+-----+--------+

Top non-repeatable levels by time:
       D: 1262 daAuts
